AoeStats
← Barón de la Cerveza

Hideout

508327497Analyzed
1v1 RM · 11d ago on Sep 21, 2026· 64m 8s· 2 players
Game mode
Random Map
Map size
Tiny (2 player)
Population
200
Speed
Normal
Resources
Standard
Victory
Conquest
Starting age
Dark Age
Ending age
Imperial Age
RankedLock teamsTeams togetherTeam positionsShared explorationLock speedFull tech treeHidden civsTurbo modeCheats
Victory
Defeat
🇲🇽 Khmer · Mexico
1885
+13
🇦🇷 Malians · Argentina
1826
-13
ram0ff
8:41 Feudal Age
8:42 Man-at-Arms
9:14 Double-Bit Axe
12:39 Fletching
19:01 Castle Age
17:32 Horse Collar
18:51 Bloodlines
23:33 Bow Saw
27:00 Wheelbarrow
27:10 Gold Mining
28:21 Scale Barding Armor
29:04 Hand Cart
30:05 Heavy Plow
33:32 Imperial Age
31:54 Husbandry
32:43 Scale Barding Armor
35:16 Chain Barding Armor
35:10 Farimba
36:43 Tigui
36:08 Cavalier
37:49 Plate Barding Armor
39:37 Forging
38:56 Long Swordsman
40:07 Scale Mail Armor
40:16 Squires
39:53 Two-Handed Swordsman
41:03 Conscription
41:12 Chain Mail Armor
41:59 Iron Casting
43:40 Crop Rotation
43:35 Pikeman
46:34 Champion
49:31 Plate Mail Armor
50:09 Chemistry
49:09 Arson
51:32 Iron Casting
52:25 Masonry
53:48 Loom
57:42 Town Watch
62:57 Tigui
62:55 Bodkin Arrow
Barón de la Cerveza
10:09 Feudal Age
10:40 Loom
15:49 Castle Age
14:05 Double-Bit Axe
15:26 Horse Collar
21:32 Bow Saw
26:17 Wheelbarrow
26:52 Gold Mining
26:52 Stone Mining
31:21 Imperial Age
29:42 Town Watch
30:38 Bloodlines
30:29 Husbandry
29:49 Light Cavalry
31:21 Hand Cart
31:16 Heavy Plow
31:29 Hussar
32:35 Scale Barding Armor
33:57 Scale Mail Armor
34:09 Pikeman
35:43 Chain Mail Armor
34:50 Halberdier
36:30 Forging
38:07 Chemistry
38:07 Conscription
37:47 Tusk Swords
40:19 Hoardings
41:56 Chain Barding Armor
41:34 Elite Battle Elephant
43:12 Plate Barding Armor
47:55 Iron Casting
49:58 Double Crossbow
53:54 Fletching
55:04 Blast Furnace
54:50 Gold Shaft Mining
54:50 Stone Shaft Mining
55:04 Elite Ballista Elephant
55:52 Siege Engineers
56:09 Ballistics
57:30 Capped Ram
61:55 Siege Ram
62:51 Masonry
Connection lost

Rejoining the realm…

Still unreachable

The connection could not be restored.

Session expired

The server has moved on; the page needs a fresh start.